 Dungeon Crawl Stone Soup version 0.31.0-32-g396128a36d (webtiles) character file.

Game seed: 7131649448431785158

91 firemarshallily the Trooper (level 4, 0/52 HPs)
             Began as a Demonspawn Gladiator on Mar 30, 2024.
             Slain by Terence
             ... wielding a +0 flail
              (5 damage)
             ... on level 3 of the Dungeon.
             The game lasted 00:03:15 (1858 turns).

firemarshallily the Trooper (Demonspawn Gladiator)  Turns: 1858, Time: 00:03:16

Health: 0/52       AC: 22    Str: 15    XL:     4   Next: 33%
Magic:  4/4        EV:  2    Int:  8    God:
Gold:   119        SH:  4    Dex: 16    Spells: 3/3 levels left

rFire   . . .        a - +0 long sword
rCold   . . .        h - +0 buckler
rNeg    . . .        b - melded +0 leather armour
rPois   +            c - melded +0 helmet
rElec   .            (cloak currently unavailable)
rCorr   .            (gloves currently unavailable)
SInv    .            (boots currently unavailable)
Will    .....        (no amulet)
Stlth   +            (no ring)
HPRegen 0.28/turn    (no ring)
MPRegen 0.09/turn

%: no passive effects
@: tree-form
A: stationary, stasis, torment immunity, boosted hp, (yellow scales 1),
(weakness stinger 1)
a: no special abilities


You were on level 3 of the Dungeon.
You were a tree.
You visited 1 branch of the dungeon, and saw 3 of its levels.

You collected 119 gold pieces.

Inventory:

Hand Weapons
 a - a +0 long sword (weapon)
Missiles
 d - 3 throwing nets
 e - 8 javelins (quivered)
Armour
 b - a +0 leather armour (melded)
 c - a +0 helmet (melded)
 h - a +0 buckler (worn)
Scrolls
 i - 2 scrolls of identify {unknown}
 j - a scroll of vulnerability {unknown}
 l - a scroll of silence {unknown}
 m - a scroll of fear {unknown}
 o - 3 scrolls of torment {unknown}
Potions
 k - a potion of magic {unknown}
 n - a potion of heal wounds {unknown}
 p - a potion of curing {unknown}


   Skills:
 * Level 3.3 Fighting
 + Level 3.1 Long Blades
 - Level 1.7 Throwing
 - Level 0.4 Armour
 - Level 2.8 Dodging
 * Level 1.7 Shields


You had 3 spell levels left.
You didn't know any spells.
Your spell library contained the following spells:

 Spells                   Type           Power      Damage    Failure   Level
 Apportation              Tloc           0%         N/A       50%         1
 Ensorcelled Hibernation  Hex/Ice        0%         N/A       65%         2
 Jinxbite                 Hex            0%         N/A       65%         2
 Call Canine Familiar     Summ           0%         N/A       86%         3
 Passwall                 Erth           0%         N/A       86%         3
 Sigil of Binding         Hex            0%         N/A       86%         3
 Swiftness                Air            0%         N/A       86%         3
 Dimensional Bullseye     Hex/Tloc       0%         N/A       99%         4
 Alistair's Intoxication  Alch           0%         N/A       100%        5


Dungeon Overview and Level Annotations

Branches:
Dungeon (3/15)

Altars:
Makhleb

Annotations:
D:3 Terence


Innate Abilities, Weirdness & Mutations

You are a tree.
Your roots penetrate the ground, keeping you stationary.
You cannot be teleported.
You are immune to unholy pain and torment.
Your maximum health is greatly increased.
Your equipment is partially melded.
((You are partially covered in yellow scales. (AC +2)))
((You have a small tail.))


Message History

You hit Terence. You tail-slap Terence.
Terence is moderately wounded.
Terence hits you with a +0 flail.
You closely miss Terence.
Terence is moderately wounded.
Terence bares his teeth.
Terence hits you with a +0 flail.
You hit Terence but do no damage.
Terence is moderately wounded.
Terence barely misses you. Terence hits you with a +0 flail.
You hit Terence.
Your tail-slap misses Terence.
Terence is moderately wounded.
Terence barely misses you.
You hit Terence.
Terence is moderately wounded.
You block Terence's attack.
You hit Terence.
Terence is heavily wounded.
Terence hits you with a +0 flail.
You hit Terence.
Terence is heavily wounded.
Terence barely misses you. x2
You hit Terence but do no damage.
Terence is heavily wounded.
Terence hits you with a +0 flail!
* * * LOW HITPOINT WARNING * * *
You slash Terence!
Terence is almost dead.
You block Terence's attack.
It was a potion of cancellation.
You feel magically purged. You block Terence's attack.
It was a potion of lignification.
You turn into a tree.
Your +0 helmet melds into your body.
Your +0 leather armour melds into your body.
Your roots penetrate the ground.
Terence hits you but does no damage.
You barely miss Terence.
Terence is almost dead.
Terence hits you with a +0 flail.
You die...
Terence says, "Rest in peace."

#.# ###
### #.# .#
# #.# .. #
#.# #. .
#.# . #
#.# .# .
#.##.# #
#....#
#>♣###
#### #..@#
#... ##...
##.. #.#..
##..)
#.####
###....
#.#
..##......
#.
#..).##.##
#.
.........#
....###..#


You could see Terence.

Vanquished Creatures
  6 adders (D:2)
  2 dart slugs
  An orc (D:2)
  5 endoplasms
  A giant cockroach (D:2)
  A goblin (D:3)
  2 hobgoblins
  2 jackals (D:1)
  2 kobolds (D:2)
  A quokka (D:1)
  4 ball pythons
  2 bats (D:1)
  3 frilled lizards
  2 rats
34 creatures vanquished.

Notes
Turn   | Place    | Note
-------+----------+-------------------------------------------
     0 | D:1      | firemarshallily the Demonspawn Gladiator began the quest
                  | for the Orb.
     0 | D:1      | Reached XP level 1. HP: 16/16 MP: 1/1
   184 | D:1      | Gained mutation: You are partially covered in yellow
                  | scales. (AC +2) [demonic ancestry]
   184 | D:1      | Reached XP level 2. HP: 18/23 MP: 2/2
   958 | D:2      | Found a burning altar of Makhleb.
  1147 | D:2      | Reached XP level 3. HP: 28/28 MP: 3/3
  1168 | D:2      | Reached skill level 1 in Shields
  1335 | D:2      | Gained mutation: You have a small tail. [demonic ancestry]
  1335 | D:2      | Reached XP level 4. HP: 26/35 MP: 4/4
  1842 | D:3      | Noticed Terence
  1858 | D:3      | Slain by Terence

Illustrated notes

Levels and vault maps discovered:
D:1:      wheals_arrival_linesprint, layout_loops_cross
D:2:      layout_loops_ring, basic_altar, grunt_ministairs_15
D:3:      layout_rooms, ebering_ghost_rock_garden, uniq_natasha, uniq_terence

Skill      XL: |  1  2  3 |
---------------+----------+-----
Long Blades    | 3 |  3.1
Shields        | 1 |  1.7
Fighting       | 3 |  3.3
Throwing       | |  1.7
Armour         | |  0.4
Dodging        | |  2.8

Action                     |  1- 3 |  4- 6 || total
---------------------------+-------+-------++-------
  Melee: Long sword        |    96 |    36 ||   132
         Tailslap          |       |     4 ||     4
    Use: Potion            |       |     2 ||     2
   Stab: Sleeping          |       |     2 ||     2
 Armour: Leather armour    |    57 |    21 ||    78
         Skin              |       |     2 ||     2
  Dodge: Dodged            |    59 |    12 ||    71
  Block: Buckler           |    12 |     8 ||    20
